 Dungeon Crawl Stone Soup version 0.32-a0-361-g289a535e89 (webtiles) character file.

Game seed: 3217119433646663130

110483 cforsyth the Warrior (level 17, -8/141 HPs)
             Began as a Djinni Fire Elementalist on Feb 18, 2024.
             Shot with an arrow by Nessos (24 damage)
             ... on level 13 of the Dungeon on Feb 19, 2024.
             The game lasted 01:33:05 (43655 turns).

cforsyth the Warrior (Djinni Fire Elementalist)    Turns: 43655, Time: 01:33:05

Health: -8/141     AC: 10    Str:  7    XL:     17   Next: 10%
Gold:   1786       EV: 15    Int: 26    God:
                   SH:  0    Dex: 16

rFire   + + +        a - +4 rapier of the Grave {venom, rC+ Int+3 Stlth+}
rCold   + + .        (no shield)
rNeg    + . .        L - +0 leather armour {rC+ rF+}
rPois   ∞            j - +0 helmet
rElec   .            w - +0 cloak "Oxerr" {rC+}
rCorr   .            H - +0 pair of gloves
SInv    .            (boots unavailable)
Will    +....        b - amulet of the acrobat
Stlth   +++          T - +4 ring of protection
HPRegen 0.43/turn    N - ring of positive energy
MPRegen 0.00/turn

%: acrobat, infuse magic (-9 HP)
@: flying
A: sickness immunity, fire resistance 2, cold vulnerability 1, float, innate
caster, HP casting, extra vitality 1
a: no special abilities


You were on level 13 of the Dungeon.
You visited 3 branches of the dungeon, and saw 22 of its levels.
You also visited: Ossuary and Ice Cave.

You collected 3441 gold pieces.
You spent 1655 gold pieces at shops.


Innate Abilities, Weirdness & Mutations

You are immune to sickness and miasma.
You are immune to poison.
Your flesh is very heat resistant. (rF++)
You are vulnerable to cold. (rC-)
You float through the air rather than walking.
You learn spells naturally, not from books.
Your magical power is your life essence.
You have superior vitality. (+4 MHP)


   Skills:
 - Level 19.0 Fighting
 + Level 8.4 Dodging
 - Level 1.5 Stealth
 + Level 7.2 Shields
 + Level 15.8 Spellcasting
 + Level 15.8 Conjurations
 + Level 15.8 Hexes
 + Level 15.8 Summonings
 + Level 15.8 Necromancy
 + Level 15.8 Translocations
 + Level 15.8 Fire Magic
 + Level 15.8 Ice Magic
 + Level 15.8 Air Magic
 + Level 15.8 Earth Magic
 + Level 15.8 Alchemy


You knew the following spells:

 Your Spells              Type           Power      Damage    Failure   Level
a - Apportation           Tloc           100%       N/A       0%          1
b - Momentum Strike       Conj/Tloc      100%       3d10      0%          2
c - Hailstorm             Conj/Ice       80%        3d13      1%          3
d - Anguish               Hex/Necr       40%        N/A       1%          4
e - Eringya's Noxious Bo  Alch           40%        4d6       1%          6
f - Foxfire               Conj/Fire      100%       2x1d9     0%          1
g - Summon Cactus Giant   Summ           40%        N/A       1%          6
i - Alistair's Intoxicat  Alch           53%        N/A       1%          5
l - Lesser Beckoning      Tloc           100%       N/A       0%          2
r - Inner Flame           Hex/Fire       80%        N/A       1%          3
X - Scorch                Fire           100%       2d9       0%          2
Y - Volatile Blastmotes   Fire/Tloc      100%       2d18      1%          3
Z - Flame Wave            Conj/Fire      80%        2d17      1%          4
Your spell library was empty.

Inventory:

Hand Weapons
 a - the +4 rapier of the Grave (weapon) {venom, rC+ Int+3 Stlth+}
   (You bought it in a shop on level 10 of the Dungeon)

   Int+3:     It affects your intelligence (+3).
   rC+:       It protects you from cold.
   Stlth+:    It makes you more stealthy.
 W - the +4 shortbow "Hyin" {heavy, +Blink rF+ rC+}
   (You bought it in a shop on level 2 of the Orcish Mines)

   rF+:       It protects you from fire.
   rC+:       It protects you from cold.
   +Blink:    It lets you blink.
Armour
 j - a +0 helmet (worn)
 w - the +0 cloak "Oxerr" (worn) {rC+}
   (You found it on level 6 of the Dungeon)

   rC+:       It protects you from cold.
 H - a +0 pair of gloves (worn)
 J - a +2 tower shield of cold resistance
 L - a +0 leather armour of resistance (worn)
Magical Staves
 i - a staff of alchemy {!a}
 o - a staff of cold {!a}
 K - a staff of earth {!a}
Jewellery
 b - an amulet of the acrobat (around neck)
 N - a ring of positive energy (right hand)
 T - a +4 ring of protection (left hand)
Wands
 d - a wand of charming (3)
 u - a wand of digging (10)
 x - a wand of mindburst (11)
 A - a wand of flame (44)
 Q - a wand of polymorph (4)
 U - a wand of iceblast (5)
Scrolls
 c - 5 scrolls of fear
 e - 2 scrolls of enchant armour
 g - 7 scrolls of teleportation {@r2}
 m - 4 scrolls of blinking
 B - 4 scrolls of poison
 C - 4 scrolls of vulnerability
 D - 4 scrolls of fog
 E - 7 scrolls of torment {unknown}
 G - 2 scrolls of noise
 M - 2 scrolls of immolation
 O - 2 scrolls of revelation
Potions
 f - 3 potions of invisibility
 h - 6 potions of heal wounds {@q2}
 k - 2 potions of ambrosia
 l - 2 potions of berserk rage {!q}
 n - 4 potions of might
 p - 6 potions of brilliance
 q - 2 potions of haste {@q3}
 r - 8 potions of enlightenment
 s - 6 potions of curing {@q1}
 t - 2 potions of attraction
 v - 2 potions of cancellation
 z - 2 potions of lignification
 I - 2 potions of mutation
 R - a potion of resistance

Dungeon Overview and Level Annotations

Branches:
Dungeon (15/15)            Temple (0/1) D:7            Lair (5/5) D:8
 Shoals (0/4) Lair:2       Spider (0/4) Lair:2        Slime (0/5) Lair:4
    Orc (2/2) D:9             Elf (0/3) Orc:2        Vaults (0/5) D:14
 Depths (0/4) D:15        Ossuary (visited)           IceCv (visited)

Altars:
Ashenzari
Cheibriados
Dithmenos
Elyvilon
Hepliaklqana
Nemelex Xobeh
Uskayaw
Yredelemnul
The Shining One
Beogh
Jiyva

Shops:
D:4 :   D:5 (   D:7 *   D:10 **(!*   D:14 ?   Orc:1 [   Orc:2 =(?(!(

Annotations:
D:13 Nessos
Lair:5 2 runed translucent doors

...###.........#.# ##.# # ...#
##........#.# ##..###### .).#
#........#.# ###......... ...#
#...####.#.# #...#.......
...######.## #.#.# #.###..:....
##(##...#..###)#.#####'###.......
....'.......##.#.#...............
##.##...##[.....>'.^.............
#.#####.#.#####@#.......[.......
#..§.........##.#..........#####
##########.##.##.############
.........#<##.##c#
########.#.##.##.# ######
########%#.##.##.# #########.....
#....>...#.##.##C###b..b.........
#.########.##.##bb.'bb.bb........
#.#......#.##.######bb...........


You could see Nessos (fast, ally target) and a friendly cactus giant (summoned).


Message History

Unknown command.
Nessos hits something! x2
Nessos mumbles some strange words.
Nessos blinks!
Nessos misses your butterfly. Nessos kicks your butterfly.
Your butterfly dies!
Your butterfly disappears in a burst of colours!
Something closely misses your butterfly.
Something kicks your butterfly.
Your butterfly dies!
Your butterfly disappears in a burst of colours!
Your cactus giant hits Nessos with a +0 giant spiked club!
Flame seeps out of Nessos.
Nessos's inner flame fades away.
Nessos is engulfed in blazing flames.
Nessos gestures wildly while chanting.
Nessos blinks!
Nessos completely misses your butterfly.
Nessos kicks your butterfly.
Your butterfly dies!
Your butterfly disappears in a burst of colours!
Your butterfly is engulfed in blazing flames.
You kill your butterfly!
Your butterfly disappears in a burst of colours!
Nessos wields a +3 longbow of flaming.
It bursts into flame!
Nessos shoots an arrow.
The arrow hits you!
* * * LOW HITPOINT WARNING * * *
Unknown command.
You feel much better.
Nessos shoots an arrow.
The arrow hits you!
* * * LOW HITPOINT WARNING * * *
Nessos shoots an arrow.
The arrow hits you!!
You die...

Skill      XL: |  1  2  3  4  5  6  7  8  9 10 11 12 13 14 15 16 17 |
---------------+----------------------------------------------------+-----
Fighting       | 1 2 3 4 5 7 9 11 13 14 16 17 19 | 19.0
Spellcasting   | 4 5 6 7 9 10 11 12 14 15 | 15.8
Conjurations   | 4 5 6 7 9 10 11 12 14 15 | 15.8
Hexes          | 4 5 6 7 9 10 11 12 14 15 | 15.8
Summonings     | 4 5 6 7 9 10 11 12 14 15 | 15.8
Necromancy     | 4 5 6 7 9 10 11 12 14 15 | 15.8
Translocations | 4 5 6 7 9 10 11 12 14 15 | 15.8
Fire Magic     | 4 5 6 7 9 10 11 12 14 15 | 15.8
Ice Magic      | 4 5 6 7 9 10 11 12 14 15 | 15.8
Air Magic      | 4 5 6 7 9 10 11 12 14 15 | 15.8
Earth Magic    | 4 5 6 7 9 10 11 12 14 15 | 15.8
Alchemy        | 4 5 6 7 9 10 11 12 14 15 | 15.8
Shields        | 2 6 7 |  7.2
Dodging        | 4 8 |  8.4
Stealth        | |  1.5

Action                     |  1- 3 |  4- 6 |  7- 9 | 10-12 | 13-15 | 16-18 || total
---------------------------+-------+-------+-------+-------+-------+-------++-------
  Melee: Unarmed           |     1 |       |     1 |       |       |       ||     2
         Rapier            |       |       |       |       |    11 |     1 ||    12
   Cast: Foxfire           |    89 |   146 |   225 |   270 |   676 |   194 ||  1600
         Scorch            |       |     1 |    24 |    99 |   268 |   120 ||   512
         Inner Flame       |       |     1 |    36 |   100 |   255 |   122 ||   514
         Hailstorm         |       |       |       |     5 |    17 |     1 ||    23
         Flame Wave        |       |       |       |     3 |     5 |    31 ||    39
         Volatile Blastmot |       |       |       |       |     9 |       ||     9
         Eringya's Noxious |       |       |       |       |     1 |     1 ||     2
         Alistair's Intoxi |       |       |       |       |     1 |       ||     1
         Momentum Strike   |       |       |       |       |     1 |       ||     1
         Summon Cactus Gia |       |       |       |       |       |     8 ||     8
  Evoke: Wand              |       |       |       |     9 |    15 |     4 ||    28
    Use: Scroll            |       |       |     4 |    15 |    13 |     8 ||    40
         Potion            |       |       |       |     6 |     1 |     4 ||    11
 Armour: Robe              |     8 |     2 |    27 |    90 |       |       ||   127
         Leather armour    |       |       |       |     8 |   385 |   218 ||   611
  Dodge: Dodged            |     7 |     2 |    66 |    69 |   161 |    99 ||   404

Levels and vault maps discovered:
D:1:      eino_arrival_cavern_d, layout_basic, shapermc_ecumenical_altar_gd,
          st_stairs_11
D:2:      layout_basic
D:3:      kennysheep_six_static_rooms, layout_loops_ring
D:4:      layout_basic, grunt_dithmenos_smoke_and_mirrors, serial_shops, shop,
          roderic_batcave
D:5:      layout_layer_cave, serial_shops, nicolae_diamond_shop,
          chequers_serial_rivers_micro_c, uniq_eustachio,
          uniq_crazy_yiuf_cottage
D:6:      layout_layer_cave, elyvilon_altar_4, mainiacjoe_overflow_alcove_3,
          uniq_menkaure, uniq_maggie
D:7:      layout_basic, minmay_temple_entry_butterflies,
          chequers_ossuary_entry_cave, serial_shops, nicolae_shop_trees,
          minmay_misc_feat_diagonals, uniq_maurice
D:8:      layout_basic, nemelex_xobeh_ov_fountains_minmay,
          mainiacjoe_overflow_brackets, lemuel_crystal_altar, lair_entry_dummy,
          kennysheep_nub
D:9:      layout_irregular_city, slow_altar_1, erik_orc_4, uniq_jeremiah
D:10:     layout_cave_pools, serial_shops, nicolae_shop_behind_doors, shop,
          shop_fountains, shop, nicolae_shop_tiny_statue_garden, uniq_urug
D:11:     layout_basic, portal_ice_cave_entry_imps, uniq_grum
D:12:     layout_rooms
D:13:     layout_basic, uniq_nessos, uniq_josephine
D:14:     layout_loops_cross, david_vaults_1, serial_shops, kennysheep_mini
D:15:     grunt_enter_depths_hoard, layout_rooms, minmay_misc_feat_chi,
          nzn_hepliaklqana_mist_gate
Lair:1:   layout_loops_ring, cheibrodos_lair_caveside_slide, grunt_megastairs_3,
          lemuel_fruit_fields, serial_bayou_shore_b
Lair:2:   layout_regular_city, minmay_shoals_entry_centaurs,
          hellmonk_spider_entry_life_and_decay, cheibrodos_lair_lostbears,
          lemuel_fruit_tree
Lair:3:   layout_layer_cave, serial_bayou_pond_b, minivault_26,
          kennysheep_snail_temple, infiniplex_staircase_pool, uniq_sonja
Lair:4:   layout_loops_ring, nicolae_slime_entry_slimehenge
Lair:5:   cheibrodos_lair_end_hotspot, layout_small_grid
Orc:1:    layout_caves, basic_altar, serial_shops, shop
Orc:2:    st_orc_mages, layout_caves, serial_shops, shop,
          nicolae_shop_pleasant_corner_grove

Notes
Turn   | Place    | Note
-------+----------+-------------------------------------------
     0 | D:1      | cforsyth the Djinni Fire Elementalist began the quest for
                  | the Orb.
     0 | D:1      | cforsyth set off with the following spells memorised:
                  | Foxfire, Scorch, Volatile Blastmotes, Inner Flame, Flame
                  | Wave.
     0 | D:1      | Reached XP level 1. HP: 15/15 MP: 0/0
    88 | D:1      | Found a faded altar of an unknown god.
   108 | D:1      | Reached XP level 2. HP: 16/22 MP: 0/0
   195 | D:1      | Reached skill level 1 in Fighting
   580 | D:1      | Reached XP level 3. HP: 25/27 MP: 0/0
   580 | D:1      | Learned a level 1 spell: Apportation
   833 | D:1      | Reached skill level 2 in Fighting
  1382 | D:2      | Reached XP level 4. HP: 31/33 MP: 0/0
  1850 | D:2      | Identified the +12 quarterstaff "Rawnih" {freeze, rElec rF-
                  | rN+ Dex+5}
  2609 | D:3      | Reached XP level 5. HP: 36/40 MP: 0/0
  2609 | D:3      | Learned a level 2 spell: Lesser Beckoning
  2684 | D:3      | Reached skill level 3 in Fighting
  2721 | D:3      | Reached skill level 4 in Spellcasting
  2721 | D:3      | Reached skill level 4 in Conjurations
  2721 | D:3      | Reached skill level 4 in Hexes
  2721 | D:3      | Reached skill level 4 in Summonings
  2721 | D:3      | Reached skill level 4 in Necromancy
  2721 | D:3      | Reached skill level 4 in Translocations
  2721 | D:3      | Reached skill level 4 in Fire Magic
  2721 | D:3      | Reached skill level 4 in Ice Magic
  2721 | D:3      | Reached skill level 4 in Air Magic
  2721 | D:3      | Reached skill level 4 in Earth Magic
  2721 | D:3      | Reached skill level 4 in Alchemy
  2775 | D:3      | Reached XP level 6. HP: 39/47 MP: 0/0
  2985 | D:3      | Noticed an ice beast
  2990 | D:3      | Killed an ice beast
  2991 | D:3      | Reached skill level 4 in Fighting
  3235 | D:3      | You are sucked into a shaft and drop 2 floors!
  3235 | D:5      | Entered Level 5 of the Dungeon
  3437 | D:5      | Found Gyocyuw's Antique Weapon Shop.
  3450 | D:5      | Noticed Eustachio
  3456 | D:5      | Killed Eustachio
  3457 | D:5      | Reached XP level 7. HP: 46/53 MP: 0/0
  3457 | D:5      | Learned a level 2 spell: Momentum Strike
  3459 | D:5      | Reached skill level 5 in Fighting
  3459 | D:5      | Reached skill level 5 in Spellcasting
  3459 | D:5      | Reached skill level 5 in Conjurations
  3459 | D:5      | Reached skill level 5 in Hexes
  3459 | D:5      | Reached skill level 5 in Summonings
  3459 | D:5      | Reached skill level 5 in Necromancy
  3459 | D:5      | Reached skill level 5 in Translocations
  3459 | D:5      | Reached skill level 5 in Fire Magic
  3459 | D:5      | Reached skill level 5 in Ice Magic
  3459 | D:5      | Reached skill level 5 in Air Magic
  3459 | D:5      | Reached skill level 5 in Earth Magic
  3459 | D:5      | Reached skill level 5 in Alchemy
  3845 | D:5      | Reached XP level 8. HP: 57/61 MP: 0/0
  4378 | D:5      | Found a runed translucent door.
  4379 | D:5      | Noticed Crazy Yiuf
  4484 | D:4      | Reached skill level 6 in Fighting
  4539 | D:4      | Found a shadowy altar of Dithmenos.
  5121 | D:4      | Found Zizad's Book Boutique.
  5821 | D:6      | Noticed Maggie
  5829 | D:6      | Killed Maggie
  5830 | D:6      | Reached skill level 7 in Fighting
  5830 | D:6      | Reached skill level 6 in Spellcasting
  5830 | D:6      | Reached skill level 6 in Conjurations
  5830 | D:6      | Reached skill level 6 in Hexes
  5830 | D:6      | Reached skill level 6 in Summonings
  5830 | D:6      | Reached skill level 6 in Necromancy
  5830 | D:6      | Reached skill level 6 in Translocations
  5830 | D:6      | Reached skill level 6 in Fire Magic
  5830 | D:6      | Reached skill level 6 in Ice Magic
  5830 | D:6      | Reached skill level 6 in Air Magic
  5830 | D:6      | Reached skill level 6 in Earth Magic
  5830 | D:6      | Reached skill level 6 in Alchemy
  6208 | D:6      | Noticed Menkaure
  6212 | D:6      | Killed Menkaure
  6213 | D:6      | Reached XP level 9. HP: 65/68 MP: 0/0
  6213 | D:6      | Learned a level 3 spell: Hailstorm
  6326 | D:6      | Found a transporter.
  6329 | D:6      | Found a white marble altar of Elyvilon.
  6329 | D:6      | Found a transporter.
  6483 | D:6      | Found a glowing golden altar of the Shining One.
  6484 | D:6      | Found a broken altar of Ashenzari.
  6485 | D:6      | Found a basalt altar of Yredelemnul.
  6486 | D:6      | Found a hide-covered altar of Uskayaw.
  6578 | D:6      | Identified the +0 cloak "Oxerr" {rC+}
  7111 | D:7      | Found Uvunop's Assorted Antiques.
  7119 | D:7      | Bought a ruby potion for 17 gold pieces
  7136 | D:7      | Reached skill level 8 in Fighting
  7158 | D:7      | Found a sand-covered staircase.
  7165 | Ossuary  | Entered an ossuary
  7249 | Ossuary  | Reached skill level 7 in Spellcasting
  7249 | Ossuary  | Reached skill level 7 in Conjurations
  7249 | Ossuary  | Reached skill level 7 in Hexes
  7249 | Ossuary  | Reached skill level 7 in Summonings
  7249 | Ossuary  | Reached skill level 7 in Necromancy
  7249 | Ossuary  | Reached skill level 7 in Translocations
  7249 | Ossuary  | Reached skill level 7 in Fire Magic
  7249 | Ossuary  | Reached skill level 7 in Ice Magic
  7249 | Ossuary  | Reached skill level 7 in Air Magic
  7249 | Ossuary  | Reached skill level 7 in Earth Magic
  7249 | Ossuary  | Reached skill level 7 in Alchemy
  7815 | D:7      | Found a staircase to the Ecumenical Temple.
  7831 | D:7      | Noticed Maurice
  7836 | D:7      | Killed Maurice
  7837 | D:7      | Reached skill level 9 in Fighting
  8503 | D:8      | Identified the flux talisman "Siurix" {Slay+3}
  8513 | D:8      | Reached XP level 10. HP: 62/78 MP: 0/0
  8653 | D:8      | Found a staircase to the Lair.
  8948 | D:8      | Found a sparkling altar of Nemelex Xobeh.
  9526 | D:9      | Noticed Jeremiah
  9537 | D:9      | Reached skill level 8 in Spellcasting
  9537 | D:9      | Reached skill level 8 in Conjurations
  9537 | D:9      | Reached skill level 8 in Hexes
  9537 | D:9      | Reached skill level 8 in Summonings
  9537 | D:9      | Reached skill level 8 in Necromancy
  9537 | D:9      | Reached skill level 8 in Translocations
  9537 | D:9      | Reached skill level 8 in Fire Magic
  9537 | D:9      | Reached skill level 8 in Ice Magic
  9537 | D:9      | Reached skill level 8 in Air Magic
  9537 | D:9      | Reached skill level 8 in Earth Magic
  9537 | D:9      | Reached skill level 8 in Alchemy
  9542 | D:9      | Killed Jeremiah
  9543 | D:9      | Reached skill level 10 in Fighting
  9561 | D:9      | HP: 7/80 [orc priest/divine providence (12)]
 10236 | D:9      | Found a staircase to the Orcish Mines.
 10289 | D:9      | Found a snail-covered altar of Cheibriados.
 11203 | D:10     | Entered Level 10 of the Dungeon
 11208 | D:10     | Found Dioqipti's General Store.
 11221 | D:10     | Reached skill level 11 in Fighting
 11252 | D:10     | Noticed a kobold demonologist
 11258 | D:10     | Killed a kobold demonologist
 11259 | D:10     | Reached skill level 9 in Spellcasting
 11259 | D:10     | Reached skill level 9 in Conjurations
 11259 | D:10     | Reached skill level 9 in Hexes
 11259 | D:10     | Reached skill level 9 in Summonings
 11259 | D:10     | Reached skill level 9 in Necromancy
 11259 | D:10     | Reached skill level 9 in Translocations
 11259 | D:10     | Reached skill level 9 in Fire Magic
 11259 | D:10     | Reached skill level 9 in Ice Magic
 11259 | D:10     | Reached skill level 9 in Air Magic
 11259 | D:10     | Reached skill level 9 in Earth Magic
 11259 | D:10     | Reached skill level 9 in Alchemy
 11261 | D:10     | Noticed Urug
 11400 | D:9      | Reached XP level 11. HP: 14/87 MP: 0/0
 11400 | D:9      | Learned a level 4 spell: Anguish
 11959 | D:9      | Killed Urug
 12367 | D:10     | Noticed a two-headed ogre
 12373 | D:10     | Killed a two-headed ogre
 12374 | D:10     | Reached skill level 12 in Fighting
 12425 | D:10     | Bought a scroll of identify for 30 gold pieces
 12425 | D:10     | Identified a scroll of acquirement
 12426 | D:10     | Acquired 1024 gold pieces
 12428 | D:10     | Bought a scroll of blinking for 112 gold pieces
 12428 | D:10     | Bought a scroll of blinking for 112 gold pieces
 12434 | D:10     | Found Pubamicach's Assorted Antiques.
 12441 | D:10     | Found Dihey's Antique Weapon Shop.
 12445 | D:10     | Bought a sparkling garnet amulet for 110 gold pieces
 12445 | D:10     | Identified the amulet of Batichod {Spirit -Tele rElec
                  | Regen+ Stlth+} (You bought it in a shop on level 10 of the
                  | Dungeon)
 12450 | D:10     | Bought a dazzling rapier for 252 gold pieces
 12450 | D:10     | Identified the +4 rapier of the Grave {venom, rC+ Int+3
                  | Stlth+} (You bought it in a shop on level 10 of the
                  | Dungeon)
 12721 | D:10     | Found Beupn's Assorted Antiques.
 12729 | D:10     | Bought a scroll labelled KAFOCVIUHOI for 36 gold pieces
 12759 | D:10     | Noticed a two-headed ogre
 12764 | D:10     | Killed a two-headed ogre
 12827 | D:10     | Found Ziluoj's Distillery.
 12830 | D:10     | Bought a potion of heal wounds for 70 gold pieces
 12830 | D:10     | Bought a potion of heal wounds for 70 gold pieces
 12830 | D:10     | Bought a potion of mutation for 112 gold pieces
 12912 | D:11     | Reached skill level 10 in Spellcasting
 12912 | D:11     | Reached skill level 10 in Conjurations
 12912 | D:11     | Reached skill level 10 in Hexes
 12912 | D:11     | Reached skill level 10 in Summonings
 12912 | D:11     | Reached skill level 10 in Necromancy
 12912 | D:11     | Reached skill level 10 in Translocations
 12912 | D:11     | Reached skill level 10 in Fire Magic
 12912 | D:11     | Reached skill level 10 in Ice Magic
 12912 | D:11     | Reached skill level 10 in Air Magic
 12912 | D:11     | Reached skill level 10 in Earth Magic
 12912 | D:11     | Reached skill level 10 in Alchemy
 12962 | D:11     | Found a frozen archway.
 12965 | D:11     | Noticed Grum
 12966 | D:11     | Noticed a boulder beetle
 12983 | IceCv    | Entered an ice cave
 13522 | IceCv    | Reached skill level 13 in Fighting
 13531 | IceCv    | Reached XP level 12. HP: 72/98 MP: 0/0
 14171 | IceCv    | Reached skill level 11 in Spellcasting
 14171 | IceCv    | Reached skill level 11 in Conjurations
 14171 | IceCv    | Reached skill level 11 in Hexes
 14171 | IceCv    | Reached skill level 11 in Summonings
 14171 | IceCv    | Reached skill level 11 in Necromancy
 14171 | IceCv    | Reached skill level 11 in Translocations
 14171 | IceCv    | Reached skill level 11 in Fire Magic
 14171 | IceCv    | Reached skill level 11 in Ice Magic
 14171 | IceCv    | Reached skill level 11 in Air Magic
 14171 | IceCv    | Reached skill level 11 in Earth Magic
 14171 | IceCv    | Reached skill level 11 in Alchemy
 14249 | IceCv    | Noticed a death yak
 14348 | IceCv    | Killed a death yak
 14349 | IceCv    | Reached skill level 14 in Fighting
 14675 | IceCv    | Noticed an ironbound frostheart
 14686 | IceCv    | Killed an ironbound frostheart
 14692 | IceCv    | Noticed a death yak
 14722 | IceCv    | Noticed a death yak
 14757 | IceCv    | Killed a death yak
 14768 | IceCv    | Killed a death yak
 14922 | IceCv    | Identified the +2 dagger of Accidental Termination {venom,
                  | rF- Will+ Str+4}
 14970 | IceCv    | Noticed an ironbound frostheart
 15443 | IceCv    | Killed an ironbound frostheart
 15568 | IceCv    | Identified a +0 leather armour of resistance
 15761 | D:11     | Reached XP level 13. HP: 94/106 MP: 0/0
 15761 | D:11     | Learned a level 5 spell: Alistair's Intoxication
 15768 | D:11     | Killed Grum
 16072 | D:11     | Reached skill level 15 in Fighting
 16570 | D:12     | Reached skill level 12 in Spellcasting
 16570 | D:12     | Reached skill level 12 in Conjurations
 16570 | D:12     | Reached skill level 12 in Hexes
 16570 | D:12     | Reached skill level 12 in Summonings
 16570 | D:12     | Reached skill level 12 in Necromancy
 16570 | D:12     | Reached skill level 12 in Translocations
 16570 | D:12     | Reached skill level 12 in Fire Magic
 16570 | D:12     | Reached skill level 12 in Ice Magic
 16570 | D:12     | Reached skill level 12 in Air Magic
 16570 | D:12     | Reached skill level 12 in Earth Magic
 16570 | D:12     | Reached skill level 12 in Alchemy
 17487 | Lair:1   | Entered Level 1 of the Lair of Beasts
 18082 | Lair:1   | Reached skill level 16 in Fighting
 18866 | Lair:2   | Found a staircase to the Shoals.
 18892 | Lair:2   | Found a hole to the Spider Nest.
 19445 | Lair:2   | Reached XP level 14. HP: 74/117 MP: 0/0
 19670 | Lair:2   | Reached skill level 13 in Spellcasting
 19670 | Lair:2   | Reached skill level 13 in Conjurations
 19670 | Lair:2   | Reached skill level 13 in Hexes
 19670 | Lair:2   | Reached skill level 13 in Summonings
 19670 | Lair:2   | Reached skill level 13 in Necromancy
 19670 | Lair:2   | Reached skill level 13 in Translocations
 19670 | Lair:2   | Reached skill level 13 in Fire Magic
 19670 | Lair:2   | Reached skill level 13 in Ice Magic
 19670 | Lair:2   | Reached skill level 13 in Air Magic
 19670 | Lair:2   | Reached skill level 13 in Earth Magic
 19670 | Lair:2   | Reached skill level 13 in Alchemy
 21261 | Lair:3   | Found a snail-covered altar of Cheibriados.
 21646 | Lair:3   | Noticed Sonja
 21653 | Lair:3   | Killed Sonja
 21713 | Lair:3   | Reached skill level 17 in Fighting
 22981 | Lair:4   | Identified a potion of resistance
 23775 | Lair:4   | Found a viscous altar of Jiyva.
 23775 | Lair:4   | Found a staircase to the Slime Pits.
 24629 | Lair:5   | Entered Level 5 of the Lair of Beasts
 24933 | Lair:5   | Reached skill level 14 in Spellcasting
 24933 | Lair:5   | Reached skill level 14 in Conjurations
 24933 | Lair:5   | Reached skill level 14 in Hexes
 24933 | Lair:5   | Reached skill level 14 in Summonings
 24933 | Lair:5   | Reached skill level 14 in Necromancy
 24933 | Lair:5   | Reached skill level 14 in Translocations
 24933 | Lair:5   | Reached skill level 14 in Fire Magic
 24933 | Lair:5   | Reached skill level 14 in Ice Magic
 24933 | Lair:5   | Reached skill level 14 in Air Magic
 24933 | Lair:5   | Reached skill level 14 in Earth Magic
 24933 | Lair:5   | Reached skill level 14 in Alchemy
 25202 | Lair:5   | Reached XP level 15. HP: 65/126 MP: 0/0
 25202 | Lair:5   | Learned a level 6 spell: Eringya's Noxious Bog
 25741 | Lair:5   | Reached skill level 18 in Fighting
 27973 | Lair:5   | Found a large runed translucent door.
 27973 | Lair:5   | Found a large runed translucent door.
 29033 | Lair:4   | Found a staircase to the Slime Pits.
 29033 | Lair:4   | Found a viscous altar of Jiyva.
 29724 | Lair:4   | HP: 12/127 [spore (8)]
 31675 | Orc:1    | Entered Level 1 of the Orcish Mines
 31712 | Orc:1    | Reached skill level 19 in Fighting
 31886 | Orc:1    | Found Xoodedej's Armour Shop.
 32037 | Orc:2    | Entered Level 2 of the Orcish Mines
 32351 | Orc:2    | Found a staircase to the Elven Halls.
 32401 | Orc:2    | Reached skill level 1 in Shields
 33582 | Orc:2    | Reached skill level 3 in Dodging
 33909 | Orc:2    | Reached skill level 15 in Spellcasting
 33909 | Orc:2    | Reached skill level 15 in Conjurations
 33909 | Orc:2    | Reached skill level 15 in Hexes
 33909 | Orc:2    | Reached skill level 15 in Summonings
 33909 | Orc:2    | Reached skill level 15 in Necromancy
 33909 | Orc:2    | Reached skill level 15 in Translocations
 33909 | Orc:2    | Reached skill level 15 in Fire Magic
 33909 | Orc:2    | Reached skill level 15 in Ice Magic
 33909 | Orc:2    | Reached skill level 15 in Air Magic
 33909 | Orc:2    | Reached skill level 15 in Earth Magic
 33909 | Orc:2    | Reached skill level 15 in Alchemy
 34075 | Orc:2    | Reached skill level 2 in Shields
 34421 | Orc:2    | Found Zeunablup's Antique Weapon Shop.
 34425 | Orc:2    | Bought an encrusted rapier for 279 gold pieces
 34425 | Orc:2    | Identified the +3 rapier of Kadeses {venom, Fly Will- MP+9
                  | Str+5} (You bought it in a shop on level 2 of the Orcish
                  | Mines)
 34425 | Orc:2    | Bought a polished shortbow for 248 gold pieces
 34425 | Orc:2    | Identified the +4 shortbow "Hyin" {heavy, +Blink rF+ rC+}
                  | (You bought it in a shop on level 2 of the Orcish Mines)
 34493 | Orc:2    | Reached skill level 4 in Dodging
 34493 | Orc:2    | Reached XP level 16. HP: 54/135 MP: 0/0
 34785 | Orc:2    | Reached skill level 3 in Shields
 35009 | Orc:2    | Found Wocag's Distillery.
 35211 | Orc:2    | Found Sodd's Magic Scroll Emporium.
 35211 | Orc:2    | Found Sofenk's Antique Weapon Emporium.
 35212 | Orc:2    | Found Warhenwe's Antique Weapon Shoppe.
 35216 | Orc:2    | Found Bagar's Jewellery Shoppe.
 35219 | Orc:2    | Bought a scroll of identify for 28 gold pieces
 35219 | Orc:2    | Bought a scroll of identify for 28 gold pieces
 35219 | Orc:2    | Bought a scroll of teleportation for 42 gold pieces
 35219 | Orc:2    | Bought a scroll of identify for 28 gold pieces
 35219 | Orc:2    | Bought a scroll of teleportation for 42 gold pieces
 35608 | Orc:1    | Found a roughly hewn altar of Beogh.
 35911 | D:5      | Killed Crazy Yiuf
 37460 | D:13     | Reached skill level 5 in Dodging
 37607 | D:13     | Reached skill level 4 in Shields
 37991 | D:13     | Noticed Josephine
 37998 | D:13     | Killed Josephine
 38137 | D:13     | Noticed Nessos
 39043 | D:14     | Reached skill level 6 in Dodging
 39347 | D:14     | Reached skill level 5 in Shields
 40506 | D:14     | Reached skill level 7 in Dodging
 40506 | D:14     | Reached skill level 6 in Shields
 40797 | D:14     | Found Veobroilu's Magic Scroll Emporium.
 40800 | D:14     | Bought a scroll of teleportation for 39 gold pieces
 41180 | D:14     | Found a gate to the Vaults.
 41397 | D:15     | Entered Level 15 of the Dungeon
 42245 | D:15     | Reached skill level 8 in Dodging
 42255 | D:15     | Reached XP level 17. HP: 78/141 MP: 0/0
 42255 | D:15     | Learned a level 6 spell: Summon Cactus Giant
 42443 | D:15     | Found a hazy altar of Hepliaklqana.
 42732 | D:15     | Reached skill level 7 in Shields
 43218 | D:15     | Found a staircase to the Depths.
 43284 | D:15     | Identified the +7 dagger of Fate {holy, rCorr Dex+3}
 43287 | D:15     | Identified the +9 halberd "Yxtige Veim" {venom, Int+3}
 43645 | D:13     | HP: 14/141 [Nessos/arrow (9)]
 43654 | D:13     | HP: 10/141 [Nessos/arrow (8)]
 43655 | D:13     | Shot with an arrow by Nessos

Vanquished Creatures
  Josephine (D:13)
  An entropy weaver (shapeshifter) (D:13)
  An ice dragon (D:15)
  2 ironbound frosthearts (IceCv)
  4 catoblepae
  2 centaur warriors
  5 hydras
  2 boulder beetles
  19 death yaks
  8 two-headed ogres
  4 tengu warriors
  2 orc high priests (Orc:2)
  Urug (D:9)
  Sonja (Lair:3)
  4 skeletal warriors (D:14)
  2 skysharks (Lair:5)
  An arcanist (D:15)
  A steelbarb worm (shapeshifter) (D:15)
  2 orc knights (Orc:2)
  4 lindwurms
  A necromancer (D:14)
  2 deep elf pyromancers
  26 ugly things
  5 cyclopes
  4 orc sorcerers (Orc:2)
  4 manticores
  An oklob plant (Lair:4)
  Maurice (D:7)
  8 elephants
  4 kobold blastminers (Orc:2)
  6 black mambas
  8 cane toads
  An ice statue (IceCv)
  A moth of wrath (shapeshifter) (D:11)
  4 torpor snails
  4 gargoyles
  17 slime creatures
  2 molten gargoyles (Lair:5)
  Maggie (D:6)
  Jeremiah (D:9)
  2 tengu conjurers (D:15)
  4 rime drakes
  4 kobold demonologists
  A yaktaur (D:15)
  14 komodo dragons
  16 polar bears
  A troll (Orc:1)
  3 dream sheep (Lair:4)
  A hornet (D:15)
  11 blink frogs
  A blink frog (shapeshifter) (D:15)
  2 culicivoras (Lair:2)
  2 shadows
  6 wyverns
  Eustachio (D:5)
  56 yaks
  4 wraiths (D:13)
  Grum (D:11)
  5 wargs
  12 vampire mosquitoes
  4 basilisks
  Menkaure (D:6)
  3 steam dragons
  2 acid dragons
  11 water moccasins
  5 hell hounds
  A sky beast (D:7)
  A black bear (Lair:1)
  2 ice beasts
  5 ogres
  19 orc warriors
  37 wolves
  6 centaurs
  A phantom (D:4)
  A weeping skull (Ossuary)
  3 kobold brigands
  A scorpion (D:7)
  13 bullfrogs
  2 gnoll sergeants
  4 water moccasin zombies (Ossuary)
  3 wights (D:9)
  9 killer bees (D:9)
  5 bombardier beetles
  An electric eel (Lair:1)
  5 lava snakes (Lair:5)
  A howler monkey (D:5)
  22 orc priests
  5 hounds
  6 jellies
  Crazy Yiuf (D:5)
  2 sleepcaps
  3 iguanas
  45 orc wizards
  6 hell rats (Lair:5)
  2 crocodile zombies (Ossuary)
  2 mummies (Ossuary)
  9 gnolls
  9 adders
  14 white imps
  8 adder zombies (Ossuary)
  5 dart slugs
  2 ribbon worms
  56 orcs
  15 bats
  13 endoplasms
  2 giant cockroaches (D:1)
  7 gnoll zombies (Ossuary)
  8 goblins
  6 hobgoblins
  17 kobolds
  7 ball pythons
  4 frilled lizards
  2 jackal zombies (Ossuary)
  2 orc zombies (Ossuary)
  4 rats
745 creatures vanquished.

Vanquished Creatures (collateral kills)
  A fire dragon (D:15)
  31 foxfires
32 creatures vanquished.

Vanquished Creatures (others)
  An orc wizard (Orc:2)
  2698 foxfires
2699 creatures vanquished.

Grand Total: 3476 creatures vanquished

Table legend: (Time is in decaauts)
 A = Elapsed time spent in this place.
 B = Non-inter-level travel time spent in this place.
 C = Inter-level travel time spent in this place.
 D = Time resting spent in this place.
 E = Time spent auto-exploring this place.
 F = Levels seen in this place.
 G = Mean time per level.
                   A        B        C        D        E       F      G
               +--------+--------+--------+--------+--------+-----+--------+
         Total |  43705 |  42031 |   1674 |  10544 |  25240 |  24 | 1821.0 |
       Dungeon |  22518 |  21413 |   1105 |   4778 |  13655 |  15 | 1501.2 |
          Lair |  14446 |  13937 |    509 |   3827 |   8204 |   5 | 2889.2 |
  Orcish Mines |   3364 |   3305 |     59 |    809 |   1828 |   2 | 1682.0 |
       Ossuary |    624 |    624 |      0 |    233 |    318 |   1 |  624.0 |
      Ice Cave |   2751 |   2751 |      0 |    897 |   1235 |   1 | 2751.0 |
               +--------+--------+--------+--------+--------+-----+--------+

Top non-repeatable levels by time:
  Lair:4: 5185 daAuts
  Lair:5: 3638 daAuts
    D:13: 3210 daAuts
     D:9: 3080 daAuts
   IceCv: 2751 daAuts
  Lair:3: 2287 daAuts
    D:14: 2246 daAuts
   Orc:2: 1946 daAuts
  Lair:2: 1742 daAuts
  Lair:1: 1592 daAuts
    D:15: 1544 daAuts
     D:8: 1535 daAuts
     D:5: 1503 daAuts
   Orc:1: 1418 daAuts
     D:6: 1398 daAuts

Table legend:
 A = Non-vault XP
 B = Vault XP
 C = Vault XP percentage of total XP
 D = Non-vault monster count
 E = Vault monster count
 F = Vault count percentage of total count
                 A         B        C        D         E       F
            +---------+---------+-------+---------+---------+-------
      Total |  112488 |   45345 |  28.7 |     481 |     266 |  35.6
            +---------+---------+-------+---------+---------+-------
        D:1 |      53 |       8 |  13.1 |      19 |       3 |  13.6
        D:2 |      60 |       0 |   0.0 |      17 |       0 |   0.0
        D:3 |     241 |      79 |  24.7 |      11 |       6 |  35.3
        D:4 |     249 |      26 |   9.5 |      14 |      10 |  41.7
        D:5 |     473 |     250 |  34.6 |      13 |       2 |  13.3
        D:6 |     236 |     569 |  70.7 |       7 |       2 |  22.2
        D:7 |     493 |     533 |  51.9 |      11 |       1 |   8.3
        D:8 |     492 |      23 |   4.5 |       9 |       3 |  25.0
        D:9 |    2484 |    1801 |  42.0 |      29 |      16 |  35.6
       D:10 |    3767 |       0 |   0.0 |      24 |       0 |   0.0
       D:11 |    3200 |     788 |  19.8 |      18 |      17 |  48.6
       D:12 |    5173 |       0 |   0.0 |      15 |       0 |   0.0
       D:13 |   10320 |    1727 |  14.3 |      23 |       5 |  17.9
       D:14 |   16162 |    3722 |  18.7 |      32 |       5 |  13.5
       D:15 |   12470 |    1785 |  12.5 |      28 |       2 |   6.7
     Lair:1 |    4918 |    2248 |  31.4 |      23 |       7 |  23.3
     Lair:2 |    7232 |    1435 |  16.6 |      29 |       7 |  19.4
     Lair:3 |    3669 |    2618 |  41.6 |      10 |       7 |  41.2
     Lair:4 |   16450 |     468 |   2.8 |      40 |       9 |  18.4
     Lair:5 |   17291 |    6217 |  26.4 |      49 |      25 |  33.8
      Orc:1 |    1939 |       0 |   0.0 |      32 |       0 |   0.0
      Orc:2 |    5116 |    6047 |  54.2 |      28 |      57 |  67.1
    Ossuary |       0 |     597 | 100.0 |       0 |      28 | 100.0
      IceCv |       0 |   14404 | 100.0 |       0 |      54 | 100.0
            +---------+---------+-------+---------+---------+-------
